 Dungeon Crawl Stone Soup version 0.30-b1-2-g02819fbbbe (webtiles) character file.

Game seed: 13720018354034683919

5348 LLlMATKO the Cleaver (level 10, -3/136 HPs)
             Began as a Minotaur Berserker on Oct 31, 2023.
             Was a High Priest of Trog.
             Slain by an orc knight
             ... wielding a +0 halberd
              (14 damage)
             ... in a bailey.
             The game lasted 00:07:50 (6952 turns).

LLlMATKO the Cleaver (Minotaur Berserker)           Turns: 6952, Time: 00:07:51

Health: -3/136     AC: 13    Str: 28    XL:     10   Next: 38%
Magic:  9/9        EV: 13    Int:  4    God:    Trog [*****.]
Gold:   321        SH: 10    Dex: 11    Spells: 9/9 levels left

rFire   . . .        h - +0 war axe
rCold   . . .        A - +1 kite shield {rPois}
rNeg    . . .        j - +4 ring mail "Xeciyl" {Str+3}
rPois   +            (helmet restricted)
rElec   .            (no cloak)
rCorr   .            l - +0 pair of gloves
SInv    +            y - +0 pair of boots
Will    ++...        (no amulet) Stlth
                     m - +4 ring of slaying
HPRegen 1.42/turn    D - ring of see invisible
MPRegen 0.11/turn

%: no passive effects
@: berserking (expiring), strong-willed, regenerating, studying Unarmed Combat,
very quick
A: horns 2, retaliatory headbutt
a: Renounce Religion, Berserk, Trog's Hand, Brothers in Arms


You were in a bailey.
You worshipped Trog.
Trog was extremely pleased with you.
You visited 1 branch of the dungeon, and saw 8 of its levels.
You also visited: Sewer and Bailey.

You collected 321 gold pieces.

Inventory:

Hand Weapons
 a - a +0 hand axe
 d - a +0 war axe
 h - a +0 war axe (weapon)
Missiles
 x - 31 poisoned darts (quivered)
 E - 2 atropa-tipped darts
 F - 2 boomerangs
Armour
 j - the +4 ring mail "Xeciyl" (worn) {Str+3}
   (You found it on level 4 of the Dungeon)

   Str:       It affects your strength (+3).
 l - a +0 pair of gloves (worn)
 y - a +0 pair of boots (worn)
 A - a +1 kite shield of poison resistance (worn)
Jewellery
 m - a +4 ring of slaying (left hand)
 B - a ring of protection from fire
 D - a ring of see invisible (right hand)
Wands
 c - a wand of flame (26)
Scrolls
 e - a scroll of identify
 f - a scroll of acquirement
 k - 3 scrolls of fog
 n - 2 scrolls of butterflies
 o - 4 scrolls of poison
 r - a scroll of immolation
 t - 2 scrolls of magic mapping
 w - 4 scrolls of teleportation {unknown}
 C - a scroll of fear {unknown}
Potions
 b - a potion of attraction {unknown}
 g - 2 potions of lignification {unknown}
 i - 5 potions of curing
 p - a potion of berserk rage {unknown}
 s - a potion of cancellation
 u - a potion of might {unknown}
 v - a potion of resistance {unknown}
 z - 3 potions of invisibility {unknown}
 G - a potion of heal wounds {unknown}


   Skills:
 + Level 9.5 Fighting
 + Level 9.6 Axes
 + Level 9.1 Armour
 + Level 8.4 Dodging
 + Level 5.7 Shields


You had 9 spell levels left.
You didn't know any spells.
Your spell library was empty.

Dungeon Overview and Level Annotations

Branches:
Dungeon (8/15)             Temple (0/1) D:5           Sewer (visited)
 Bailey (1/1)
   Lair: D:8-11

Altars:
Cheibriados
Elyvilon
Hepliaklqana
Wu Jian
Xom

Shops:
D:4 *   D:6 *   D:8 !


Innate Abilities, Weirdness & Mutations

You have a pair of horns on your head.
You reflexively headbutt those who attack you in melee.


Message History

Trog accepts your kill.
Unknown command.
You slash the orc knight!
The orc knight is moderately wounded.
You block the orc knight's attack. x2
Unknown command.
The orc knight closely misses you.
The orc knight roars a battlecry!
The orc knight goes into a battle-frenzy!
Things that are here:
a +0 halberd; a +0 ring mail; an orc corpse You barely miss the orc knight.
You closely miss the orc knight.
Unknown command.
You slice the orc knight!!
The orc knight is moderately wounded.
You slash the orc knight! You block the orc knight's attack.
The orc knight hits you with a +0 glaive!
Unknown command.
You closely miss the orc knight. Your headbutt misses the orc knight.
The orc knight is moderately wounded.
You barely miss the orc knight.
The orc knight hits you with a +0 halberd!
The orc knight hits you with a +0 glaive!!
Unknown command.
You slash the orc knight! You headbutt the orc knight!
The orc knight is severely wounded.
You barely miss the orc knight.
Unknown command.
You barely miss the orc knight. Your headbutt misses the orc knight.
The orc knight is severely wounded.
You hit the orc knight but do no damage.
The orc knight hits you with a +0 halberd!
* * * LOW HITPOINT WARNING * * *
The orc knight hits you with a +0 glaive!!
* * * LOW HITPOINT WARNING * * *
You slash the orc knight!
The orc knight is severely wounded.
You closely miss the orc knight.
The orc knight hits you with a +0 halberd!
You die...

..≈≈#.##≈......###......≈##)#≈≈..
...≈≈.≈≈≈...#########...≈≈≈.≈≈...
...........##.......##...........
..........##..#'#'#..##..........
..........#..##)#.##..#..........
.........##.#########.##.........
.........##.'.#=.[#)'.##.........
.........##.###o8.###.##.........
.........##.')#.@o#)'.##.........
.........##.####'####.##.........
.........##..##∩.∩##..#..........
.............##'''#..##..........
.............##.....##...........
...≈≈)≈≈≈....##....##...≈≈≈.≈≈...
..≈≈#)##≈....#######....≈##.#≈≈..
..≈##.∩#≈...............≈#∩.##≈..
..≈#.....................))..#≈..


You could see 2 orc knights.

Vanquished Creatures
  Grinder (D:3)
  2 trolls
  Prince Ribbit (D:5)
  6 yaks (D:6)
  A steam dragon (D:8)
  Menkaure (D:5)
  Edmund (D:5)
  A water moccasin (D:5)
  8 orc warriors (Bailey)
  An ice beast (D:6)
  4 black bears
  4 kobold brigands
  A gnoll sergeant (D:5)
  5 bullfrogs
  4 scorpions
  2 howler monkeys
  3 jellies
  4 orc priests
  6 hounds
  6 orc wizards
  A sleepcap (D:7)
  6 iguanas
  Robin (D:3)
  5 gnolls (D:5)
  5 adders
  3 river rats
  A shadow imp (D:7)
  2 ufetubi
  A worm (D:2)
  3 dart slugs
  36 orcs
  8 ball pythons
  7 bats
  10 endoplasms
  4 giant cockroaches
  11 goblins
  10 hobgoblins
  9 jackals
  8 quokkas
  6 frilled lizards
  18 kobolds
  13 rats
230 creatures vanquished.

Notes
Turn   | Place    | Note
-------+----------+-------------------------------------------
     0 | D:1      | LLlMATKO the Minotaur Berserker began the quest for the
                  | Orb.
     0 | D:1      | Reached XP level 1. HP: 19/19 MP: 0/0
   131 | D:1      | Reached XP level 2. HP: 16/27 MP: 1/1
   570 | D:1      | Reached XP level 3. HP: 33/33 MP: 2/2
   608 | D:1      | Reached ** piety under Trog
  1700 | D:3      | Reached XP level 4. HP: 30/41 MP: 3/3
  1724 | D:3      | Found a glowing drain.
  1728 | Sewer    | Entered a sewer
  1795 | Sewer    | Noticed a kobold brigand
  1803 | Sewer    | Killed a kobold brigand
  1804 | Sewer    | Reached XP level 5. HP: 47/47 MP: 4/4
  1919 | Sewer    | Reached skill level 5 in Fighting
  1919 | Sewer    | Reached skill level 5 in Axes
  2255 | D:3      | Reached *** piety under Trog
  2266 | D:3      | Reached XP level 6. HP: 36/56 MP: 5/5
  2371 | D:3      | Noticed Grinder
  2375 | D:3      | Found a faded altar of an unknown god.
  2380 | D:3      | Paralysed by Grinder for 5 turns
  2397 | D:3      | Killed Grinder
  2557 | D:3      | Noticed Robin
  2568 | D:3      | Killed Robin
  2569 | D:3      | Reached skill level 5 in Armour
  2749 | D:3      | Reached XP level 7. HP: 55/62 MP: 6/6
  3058 | D:4      | Reached skill level 5 in Dodging
  3073 | D:4      | Identified the +4 ring mail "Xeciyl" {Str+3}
  3090 | D:4      | Found Yggug's General Store.
  3140 | D:4      | Reached **** piety under Trog
  3462 | D:5      | Entered Level 5 of the Dungeon
  3467 | D:5      | Reached XP level 8. HP: 71/71 MP: 7/7
  3497 | D:5      | Noticed Prince Ribbit
  3509 | D:5      | Killed Prince Ribbit
  3653 | D:5      | Noticed a troll
  3660 | D:5      | Killed a troll
  3767 | D:5      | Found a staircase to the Ecumenical Temple.
  3831 | D:5      | Noticed Edmund
  3839 | D:5      | Killed Edmund
  4207 | D:5      | Reached skill level 1 in Shields
  4244 | D:5      | Noticed Menkaure
  4249 | D:5      | Killed Menkaure
  4822 | D:6      | Reached XP level 9. HP: 81/81 MP: 8/8
  5009 | D:6      | Found Kymelac's General Store.
  6038 | D:7      | Found a white marble altar of Elyvilon.
  6042 | D:7      | Found a shimmering altar of Xom.
  6042 | D:7      | Found a hazy altar of Hepliaklqana.
  6042 | D:7      | Found a snail-covered altar of Cheibriados.
  6071 | D:7      | Found an ornate altar of the Wu Jian Council.
  6196 | D:7      | Noticed a troll
  6210 | D:7      | Killed a troll
  6211 | D:7      | Reached XP level 10. HP: 91/91 MP: 9/9
  6245 | D:7      | Reached skill level 5 in Shields
  6531 | D:8      | Found Xakiat's Distillery.
  6564 | D:8      | Found a flagged portal.
  6587 | Bailey   | Entered a bailey
  6740 | Bailey   | Reached ***** piety under Trog
  6941 | Bailey   | Noticed an orc knight
  6941 | Bailey   | Noticed an orc knight
  6952 | Bailey   | Slain by an orc knight

Illustrated notes

Levels and vault maps discovered:
D:1:      scummos_arrival_star, layout_basic, minmay_quantized
D:2:      layout_basic
D:3:      layout_rooms, gup_sewer_entry_bowl, hellmonk_ecumenical_altar_run_dry,
          uniq_grinder, uniq_robin
D:4:      layout_basic, serial_shops, nicolae_shop_advertising_works
          [nicolae_subvault_shop_adworks]
D:5:      layout_basic, minmay_temple_entry_hall, uniq_prince_ribbit1,
          uniq_edmund, uniq_menkaure
D:6:      layout_basic, serial_shops, nicolae_shop_tiny_glass
D:7:      layout_loops_ring, kennysheep_little_box, grunt_temple_overflow_open,
          minmay_manual_moon
D:8:      layout_gridville, mainiacjoe_overflow_boulevard, serial_shops,
          nicolae_shop_tiny_statue_garden, enter_bailey_8
Bailey:   bailey_polearm_2, bailey

Skill      XL: |  1  2  3  4  5  6  7  8  9 10 |
---------------+-------------------------------+-----
Axes           | 4 5 6 7 9 |  9.6
Fighting       | 4 5 6 7 9 |  9.5
Armour         | 3 4 5 6 7 8 9 |  9.1
Dodging        | 3 4 5 6 7 8 |  8.4
Shields        | 1 4 5 |  5.7

Action                     |  1- 3 |  4- 6 |  7- 9 | 10-12 || total
---------------------------+-------+-------+-------+-------++-------
  Melee: Hand axe          |    46 |       |       |       ||    46
         Headbutt          |    11 |    15 |    33 |    20 ||    79
         War axe           |    51 |    75 |   185 |   118 ||   429
         Punch             |     1 |     1 |       |       ||     2
 Invoke: Berserk           |       |     3 |     5 |     1 ||     9
         Trog's Hand       |       |       |       |     1 ||     1
    Use: Scroll            |       |     5 |       |     8 ||    13
   Stab: Sleeping          |     1 |       |       |       ||     1
 Armour: Animal skin       |    26 |    16 |     1 |       ||    43
         Leather armour    |       |       |     5 |       ||     5
         Ring mail         |       |       |    67 |    32 ||    99
  Dodge: Dodged            |    73 |    39 |   101 |    63 ||   276
  Block: Kite shield       |       |       |    48 |    60 ||   108
         Buckler           |       |       |     2 |       ||     2
